 Dungeon Crawl Stone Soup version 0.23-a0-169-gb21e695 (webtiles) character file.

129 CasualChangeling the Skirmisher (level 4, -2/40 HPs)
             Began as a Draconian Fighter on Sept 12, 2018.
             Slain by Natasha (4 damage)
             ... on level 3 of the Dungeon.
             The game lasted 00:02:19 (2042 turns).

CasualChangeling the Skirmisher (Draconian Fighter) Turns: 2042, Time: 00:02:20

Health: -2/40      AC:  5    Str: 19    XL:     4   Next: 88%
Magic:  4/4        EV: 10    Int:  9    God:
Gold:   56         SH:  9    Dex: 10    Spells: 3/3 levels left

rFire    . . .     SeeInvis .   a - +0 war axe
rCold    . . .     Gourm    .   b - +0 shield
rNeg     . . .     Faith    .   (armour unavailable)
rPois    .         Spirit   .   (helmet restricted)
rElec    .         Reflect  .   (no cloak)
rCorr    .         Harm     .   (no gloves)
MR       .....                  (no boots)
Stlth    +.........             (no amulet)
HPRegen  0.13/turn              (no ring)
MPRegen  0.09/turn              (no ring)

@: slowed, very slow
A: unfitting armour, cold-blooded, AC +5
a: no special abilities


You were on level 3 of the Dungeon.
You were not hungry.

You visited 1 branch of the dungeon, and saw 3 of its levels.

You collected 56 gold pieces.

Inventory:

Hand Weapons
 a - a +0 war axe (weapon)
Missiles
 e - 2 throwing nets (quivered)
Armour
 b - a +0 shield (worn)
Scrolls
 g - a scroll of enchant armour {unknown}
 h - 2 scrolls of teleportation {unknown}
 i - 3 scrolls of identify {unknown}
 j - a scroll of amnesia {unknown}
 k - a scroll of enchant weapon {unknown}
Potions
 c - a potion of might
 l - 2 potions of berserk rage {unknown}
Comestibles
 d - 3 rations
 f - 3 chunks of flesh


   Skills:
 + Level 4.2 Fighting
 + Level 3.0 Axes
 + Level 3.4 Dodging
 + Level 3.8 Shields


You had 3 spell levels left.
You didn't know any spells.
Your spell library contained the following spells:

 Spells                   Type           Power        Failure   Level  Hunger
 Animate Skeleton         Necr           N/A          86%         1    ##.....
 Apportation              Tloc           #.....       86%         1    ##.....
 Confusing Touch          Hex            #.....       86%         1    ##.....
 Summon Small Mammal      Summ           #...         86%         1    ##.....


Dungeon Overview and Level Annotations

Branches:
Dungeon (3/15)

Altars:

Annotations:
D:3 Natasha


Innate Abilities, Weirdness & Mutations

Your plain brown scales are hard. (AC +5)
You cannot fit into any form of body armour.
You are cold-blooded and may be slowed by cold attacks.


Message History

Found 7 gold pieces.
You see here a hobgoblin corpse.
Natasha barely misses you. Natasha claws you.
* * * LOW HITPOINT WARNING * * *
You closely miss Natasha. Natasha claws you.
* * * LOW HITPOINT WARNING * * *
You block Natasha's attack.
You closely miss Natasha.
Your tail-slap misses Natasha.
You block Natasha's attack. Natasha claws you.
* * * LOW HITPOINT WARNING * * *
Natasha claws you but does no damage.
You closely miss Natasha.
Your tail-slap misses Natasha.
Natasha barely misses you.
Natasha mumbles some strange words.
You barely miss Natasha.
The white imp disappears in a puff of smoke!
Natasha mumbles some strange words.
Natasha's front paws start to glow.
Natasha claws you.
You die...

#... .... ##.# #... #.#
# #.. #.# #.#.. # #.#
#.#.##.# ####.# ...5.
#....# ###.####.####
#.##.O# #.....@h§...####
##.#.
.......###.####.####.###
.#$#.#.###.####.))†)..#.
.. #........#.####.#.#
........##.##.>...##.###
.# ..#. #<.....#.##>#
.......####.#.##.#
....###.# #......# ..
#.# ###.####


You could see Natasha and a crimson imp.

Vanquished Creatures
  An orc priest (D:3)
  An adder (D:2)
  A gnoll (D:1)
  A worm (D:2)
  2 dart slugs
  3 leopard geckos
  3 orcs (D:3)
  6 giant cockroaches
  9 goblins
  10 hobgoblins
  4 kobolds
  A quokka (D:2)
  A ball python (D:2)
  6 bats
  4 frilled lizards (D:1)
  12 rats
65 creatures vanquished.

Notes
Turn   | Place    | Note
-------+----------+-------------------------------------------
     0 | D:1      | CasualChangeling the Draconian Fighter began the quest for
                  | the Orb.
     0 | D:1      | Reached XP level 1. HP: 19/19 MP: 1/1
   112 | D:1      | Reached XP level 2. HP: 26/26 MP: 2/2
   396 | D:1      | Reached XP level 3. HP: 33/33 MP: 3/3
  1073 | D:2      | Reached XP level 4. HP: 7/40 MP: 4/4
  1281 | D:2      | Reached skill level 4 in Fighting
  2019 | D:3      | Noticed an ogre
  2030 | D:3      | Noticed Natasha
  2039 | D:3      | HP: 2/40 [Natasha (4)]
  2042 | D:3      | Slain by Natasha

Vault maps used:
D:1:      minmay_arrival_hallway, minmay_misc_feat_room
D:3:      chequers_ecumenical_altar_twisty, first_ration, kennysheep_path_1,
          uniq_natasha

Skill      XL: |  1  2  3  4 |
---------------+-------------+-----
Dodging        | 3 |  3.4
Fighting       | 4 |  4.2
Axes           | 3 |  3.0
Shields        | |  3.8

Action                   |  1- 3 |  4- 6 || total
-------------------------+-------+-------++-------
Melee: War axe           |   121 |    59 ||   180
       Tailslap          |     9 |     3 ||    12
 Stab: Sleeping          |       |     1 ||     1
  Eat: Chunk             |     1 |     3 ||     4
Armor: Skin              |    37 |    17 ||    54
Dodge: Dodged            |    56 |    28 ||    84
Block: Shield            |    71 |    23 ||    94

Table legend:
 A = Non-vault XP
 B = Vault XP
 C = Vault XP percentage of total XP
 D = Non-vault monster count
 E = Vault monster count
 F = Vault count percentage of total count
                 A         B        C        D         E       F
            +---------+---------+-------+---------+---------+-------
      Total |     185 |       0 |   0.0 |      65 |       0 |   0.0
            +---------+---------+-------+---------+---------+-------
        D:1 |      73 |       0 |   0.0 |      35 |       0 |   0.0
        D:2 |      58 |       0 |   0.0 |      24 |       0 |   0.0
        D:3 |      54 |       0 |   0.0 |       6 |       0 |   0.0
            +---------+---------+-------+---------+---------+-------
